 Dungeon Crawl Stone Soup version 0.31.0-11-ge490571c62 (webtiles) character file.

Game seed: 8942393444905960399

236 hawla the Covered (level 5, 0/46 HPs)
             Began as a Minotaur Fighter on Feb 10, 2024.
             Was an Initiate of Qazlal.
             Slain by a gnoll sergeant
             ... wielding a +3 spear of venom
              (11 damage)
             ... on level 5 of the Dungeon.
             The game lasted 00:07:08 (2871 turns).

hawla the Covered (Minotaur Fighter)                Turns: 2871, Time: 00:07:09

Health: 0/46       AC: 21    Str: 24 (27) XL:     5   Next: 77%
Magic:  4/4        EV:  8    Int:  4 (5)  God:    Qazlal [......]
Gold:   261        SH:  4    Dex:  8 (10) Spells: 4/4 levels left

rFire   + . .        a - +0 war axe
rCold   + . .        c - +0 buckler
rNeg    . . .        p - +10 chain mail of a Thousand Priests {Fly Str+5}
rPois   .            (helmet restricted)
rElec   .            q - scarf {rC+ rF+}
rCorr   .            f - +0 pair of gloves
SInv    +            (no boots)
Will    .....        (no amulet) Stlth
                     (no ring)
HPRegen 0.27/turn    (no ring)
MPRegen 0.09/turn

%: no passive effects
@: lethally poisoned (0 -> -28), flying
A: horns 2, retaliatory headbutt, see invisible
a: Renounce Religion


You were on level 5 of the Dungeon.
You worshipped Qazlal.
Qazlal was noncommittal.
You visited 1 branch of the dungeon, and saw 5 of its levels.

You collected 262 gold pieces.
You spent 1 gold pieces at shops.

Inventory:

Hand Weapons
 a - a +0 war axe (weapon)
 i - a -2 executioner's axe
Armour
 c - a +0 buckler (worn)
 f - a +0 pair of gloves (worn)
 p - the +10 chain mail of a Thousand Priests (worn) {Fly Str+5}
   (You found it on level 2 of the Dungeon)

   Str+5:     It affects your strength (+5).
   Fly:       It grants you flight.
 q - a scarf of resistance (worn)
Jewellery
 t - a ring of fire
Wands
 b - a wand of roots (3)
Scrolls
 k - a scroll of vulnerability {unknown}
 r - a scroll of noise {unknown}
 s - a scroll of blinking {unknown}
 v - a scroll of enchant armour {unknown}
Potions
 d - a potion of might
 e - a potion of curing
 g - 2 potions of haste
 j - a potion of mutation
 l - a potion of magic
 n - 2 potions of degeneration
 u - a potion of heal wounds {unknown}


   Skills:
 - Level 4.0 Fighting
 - Level 2.4 Axes
 + Level 6.5 Armour
 - Level 1.0 Dodging
 - Level 1.0 Stealth
 - Level 5.0 Shields


You had 4 spell levels left.
You didn't know any spells.
Your spell library was empty.

Dungeon Overview and Level Annotations

Branches:
Dungeon (5/15)
 Temple: D:4-7

Altars:
Qazlal

Shops:
D:1 [   D:4 *


Innate Abilities, Weirdness & Mutations

You have a pair of horns on your head.
You reflexively headbutt those who attack you in melee.
You have supernaturally acute eyesight. (SInv)


Message History

Your enlightenment fades.
You start resting.
HP restored.
h - a scroll labelled GAP YNWUZAUFEG
There is a stormy altar of Qazlal here.
You hover solemnly before the altar of Qazlal.
Saving game... please wait.
Welcome back, hawla the Minotaur Fighter.
Press ? for a list of commands and other information.
You hover solemnly before the altar of Qazlal.
Qazlal welcomes you!
Qazlal grants you and your divine allies immunity to clouds.
There is a fountain of sparkling water here.
Found 3 scrolls labelled IPABAUFASM.
The gnoll shouts!
The gnoll sergeant hits you but does no damage.
You are poisoned.
You hit the gnoll sergeant.
The gnoll sergeant is lightly wounded.
You feel sick.
The gnoll sergeant hits you but does no damage.
You are more poisoned.
You barely miss the gnoll sergeant. You headbutt the gnoll sergeant.
The gnoll sergeant is moderately wounded.
You feel very sick.
The gnoll sergeant hits you but does no damage.
The gnoll sergeant hits you with a +3 spear of venom.
You are more poisoned.
The gnoll barely misses you.
The air fills with toxic fumes!
As you read the scroll labelled GAP YNWUZAUFEG, it crumbles to dust.
It was a scroll of poison.
You feel very sick.
The gnoll sergeant hits you with a +3 spear of venom!
You are more poisoned.
The gnoll hits you but does no damage.
* * * LOW HITPOINT WARNING * * *
You feel extremely sick.
The gnoll sergeant hits you with a +3 spear of venom!
You die...

#§ ##§ #####§§##
§§§§§§§§########
§§§§§§§§##....§##
§§§§§§§§##..§§§.#########
§§§§§§§g##§§§§§.........#
§§§§§g§.@§§§§§§...≈...≈.#
§######§§##§§§≈≈§...≈..(#
#..§§###..≈§§≈≈≈§§≈..#
.....§#§§...§§≈≈≈≈§§§≈..#
....§§§§§...§.§≈≈§§≈≈≈≈≈#
...§§.§§§§..§§§≈≈§§§§≈§.#
..§§§.§§§§.....≈§≈≈§≈≈..#
.§§§.§§§§§§..≈≈≈§≈≈§≈....
..............≈≈≈§.§.....


You could see a gnoll sergeant and a gnoll.

Vanquished Creatures
  An iguana (D:5)
  A sleepcap (D:4)
  Terence (D:2)
  Natasha (twice) (D:2)
  2 gnolls (D:5)
  2 adders
  2 dart slugs (D:1)
  2 orcs
  2 endoplasms
  2 giant cockroaches
  7 goblins
  9 hobgoblins
  5 quokkas
  10 ball pythons
  4 bats
  4 frilled lizards
  7 kobolds
  4 rats
67 creatures vanquished.

Notes
Turn   | Place    | Note
-------+----------+-------------------------------------------
     0 | D:1      | hawla the Minotaur Fighter began the quest for the Orb.
     0 | D:1      | Reached XP level 1. HP: 19/19 MP: 0/0
   106 | D:1      | Reached skill level 1 in Dodging
   116 | D:1      | Reached skill level 1 in Stealth
   116 | D:1      | Reached XP level 2. HP: 26/26 MP: 1/1
   140 | D:1      | Found Habon's Antique Armour Shoppe.
   620 | D:2      | Noticed Natasha
   627 | D:2      | Killed Natasha
   628 | D:2      | Reached skill level 5 in Shields
   628 | D:2      | Reached XP level 3. HP: 33/33 MP: 2/2
   740 | D:2      | Noticed Terence
   746 | D:2      | Killed Terence
   747 | D:2      | Reached skill level 4 in Armour
   747 | D:2      | Reached XP level 4. HP: 40/40 MP: 3/3
   754 | D:2      | Identified the +10 chain mail of a Thousand Priests {Fly
                  | Str+5}
   860 | D:2      | Noticed Natasha
   868 | D:2      | Killed Natasha
  1205 | D:3      | Reached skill level 5 in Armour
  1282 | D:3      | Found a faded altar of an unknown god.
  1539 | D:3      | Reached XP level 5. HP: 46/46 MP: 4/4
  1848 | D:4      | Gained mutation: You have supernaturally acute eyesight.
                  | (SInv) [potion of mutation]
  1848 | D:4      | Gained mutation: You are clumsy. (Dex -2) [potion of
                  | mutation]
  1848 | D:4      | Lost mutation: You are clumsy. (Dex -2) [potion of
                  | mutation]
  1895 | D:4      | Found Mupaikax's Lightly-Used Armoury.
  1902 | D:4      | Bought a -2 executioner's axe for 1 gold piece
  2384 | D:4      | Reached skill level 6 in Armour
  2651 | D:5      | Entered Level 5 of the Dungeon
  2695 | D:5      | Found a stormy altar of Qazlal.
  2854 | D:5      | Became a worshipper of Qazlal Stormbringer
  2871 | D:5      | Slain by a gnoll sergeant

Illustrated notes

Levels and vault maps discovered:
D:1:      beargit_arrival_greenhouse, layout_basic, serial_shops, shop_fountains
D:2:      layout_rooms, uniq_natasha, uniq_terence
D:3:      layout_basic, ebering_ecumenical_altar_box
D:4:      layout_loops_corners, chequers_serial_rivers_micro_c,
          chequers_serial_rivers_micro_a, minmay_shop_damaged
D:5:      layout_rooms, nicolae_qazlal_general_emergency

Skill      XL: |  1  2  3  4  5 |
---------------+----------------+-----
Dodging        | 1 |  1.0
Stealth        | 1 |  1.0
Shields        | 5 |  5.0
Fighting       | 4 |  4.0
Armour         | 4 5 6 |  6.5
Axes           | |  2.4

Action                     |  1- 3 |  4- 6 || total
---------------------------+-------+-------++-------
  Melee: War axe           |    49 |    91 ||   140
         Headbutt          |     4 |    17 ||    21
    Use: Scroll            |     2 |     7 ||     9
         Potion            |       |     6 ||     6
 Armour: Scale mail        |    30 |     9 ||    39
         Chain mail        |       |    72 ||    72
  Dodge: Dodged            |    20 |    45 ||    65
  Block: Buckler           |     7 |    24 ||    31
